 Dungeon Crawl Stone Soup version 0.25-a0-733-gf7d8cd8a05 (webtiles) character file.

Game seed: 9085619482212408693, levelgen mode: deterministic

34 sanka the Scratcher (level 3, 0/17 HPs)
             Began as a Felid Wanderer on Apr 9, 2020.
             Succumbed to an adder's poison
             ... on level 2 of the Dungeon.
             The game lasted 00:02:59 (1468 turns).

sanka the Scratcher (Felid Wanderer)                Turns: 1468, Time: 00:03:00

Health: 0/17       AC:  1    Str:  9    XL:     3   Next: 14%
Magic:  4/4        EV: 15    Int: 12    God:
Gold:   62         SH:  0    Dex: 16    Spells: 2/2 levels left
                                        Lives:  0   Deaths: 0

rFire    . . .     SeeInvis +     - Unarmed
rCold    . . .     Gourm    .   (shield unavailable)
rNeg     . . .     Faith    .   (armour unavailable)
rPois    .         Spirit   .   (helmet unavailable)
rElec    .         Reflect  .   (cloak unavailable)
rCorr    .         Harm     .   (gloves unavailable)
MR       .....                  (boots unavailable)
Stlth    +++.......             (no amulet)
HPRegen  0.05/turn              (no ring)
MPRegen  0.09/turn              (no ring)

@: lethally poisoned (0 -> -1), quick
A: very small, no armour, no weapons or thrown items, stealth, claws 1, fangs 3,
see invisible, carnivore, speed 1, shaggy fur 1, slow metabolism 1, sharp paws
a: no special abilities


You were on level 2 of the Dungeon.
You were completely stuffed.

You visited 1 branch of the dungeon, and saw 2 of its levels.

You collected 62 gold pieces.


Innate Abilities, Weirdness & Mutations

You cannot wear armour.
You are incapable of wielding weapons or throwing items.
Your paws allow you to move quietly. (Stealth)
You have sharp claws.
You have razor-sharp teeth.
You have supernaturally acute eyesight. (SInv)
You are carnivorous and can eat meat at any time.
You cover ground quickly.
You are covered in fur. (AC +1)
You have a slow metabolism.
Your sharp claws are effective at attacking unaware monsters.


   Skills:
 - Level 3.0 Fighting
 - Level 2.6 Stealth
 + Level 5.1 Unarmed Combat
   Level 1.1 Evocations


You had 2 spell levels left.
You didn't know any spells.
Your spell library was empty.

Inventory:

Scrolls
 a - a scroll of fear
 f - 3 scrolls of teleportation {unknown}
 j - a scroll of amnesia {unknown}
 k - a scroll of enchant weapon {unknown}
Potions
 b - 2 potions of lignification {!q}
 d - a potion of stabbing {unknown}
 e - a potion of flight {unknown}
 g - 2 potions of magic {unknown}
 h - 2 potions of curing {unknown}
 l - 2 potions of haste {unknown}
 m - a potion of degeneration {unknown}
Comestibles
 c - 6 rations
 i - 2 chunks of flesh

Dungeon Overview and Level Annotations

Branches:
Dungeon (2/15)

Altars:

Annotations:
D:2 exclusion: 2 adders

▒.▒▒▒▒▒▒▒▒▒.▒▒▒▒.▒ ▒.▒ ▒.▒
▒................▒▒▒.▒▒▒▒ ▒÷▒
▒▒▒▒..▒▒.▒▒▒▒▒▒▒▒▒▒........▒ ▒.▒
▒..........▒ ▒▒▒..▒...▒▒▒▒.▒
▒.▒▒..▒▒.▒.▒ ▒........▒▒.▒
▒.▒▒..▒▒.▒.▒ ▒...........▒
▒.▒▒.)▒▒.▒.▒ ▒............
▒.▒▒..▒▒.▒.▒▒▒▒▒▒▒▒▒▒.▒....▒▒▒▒.▒
▒<▒▒.......▒....h....


You could see a giant cockroach.


Message History

The adder closely misses you.
Unknown command.
You barely miss the adder.
The adder is heavily wounded.
You feel sick. The adder closely misses you. The adder closely misses you.
Unknown command.
You barely miss the adder.
The adder is heavily wounded.
The adder bites you.
* * * LOW HITPOINT WARNING * * *
Unknown command.
You barely miss the adder.
The adder is heavily wounded.
The adder closely misses you.
You claw the adder!
You kill the adder!
Your Unarmed Combat skill increases to level 5!
You have reached level 3!
Your experience leads to an increase in your attributes!
Increase (S)trength, (I)ntelligence, or (D)exterity?
You feel agile.
Unknown command.
* * * LOW HITPOINT WARNING * * *
You feel sick.
* * * LOW HITPOINT WARNING * * *
You feel sick.
There is a stone staircase leading up here.
You die...

Action                   || total
-------------------------++-------
Melee: Unarmed           ||    63
       Bite              ||     5
 Stab: Sleeping          ||     2
       Distracted        ||     1
  Eat: Chunk             ||     8
Armor: Skin              ||     2
Dodge: Dodged            ||    51

Levels and vault maps discovered:
D:1:      dpeg_arrival_fog, layout_loops_ring
D:2:      layout_loops_ring, elyvilon_altar_1

Notes
Turn   | Place    | Note
-------+----------+-------------------------------------------
     0 | D:1      | sanka the Felid Wanderer began the quest for the Orb.
     0 | D:1      | sanka set off with the following items: a scroll of fear, 2
                  | potions of lignification {!q}, a ration
     0 | D:1      | Reached XP level 1. HP: 10/10 MP: 2/2
   308 | D:1      | Reached XP level 2. HP: 13/14 MP: 3/3
  1457 | D:2      | Reached skill level 5 in Unarmed Combat
  1457 | D:2      | Reached XP level 3. HP: 3/17 MP: 4/4
  1463 | D:2      | HP: 1/17 [poisoned by an adder]
  1468 | D:2      | Succumbed to an adder's poison

Vanquished Creatures
  An adder (D:2)
  A leopard gecko (D:2)
  2 giant cockroaches (D:2)
  4 goblins
  A hobgoblin (D:1)
  3 kobolds (D:1)
  A ball python (D:2)
  7 bats
  2 frilled lizards
  2 rats (D:1)
24 creatures vanquished.
